 Dungeon Crawl Stone Soup version 0.27-a0-1359-ga2a4dfd6fd (webtiles) character file.

Game seed: 9926027617054487446

2384 drugrobin the Spear-Bearer (level 9, -1/67 HPs)
             Began as a Demigod Warper on June 28, 2021.
             Slain by an orc warrior (11 damage)
             ... on level 7 of the Dungeon.
             The game lasted 00:20:34 (10090 turns).

drugrobin the Spear-Bearer (Demigod Warper)        Turns: 10090, Time: 00:20:35

Health: -1/67      AC:  7    Str: 20    XL:     9   Next: 2%
Magic:  16/16      EV: 12    Int: 21    God:
Gold:   507        SH:  0    Dex: 17    Spells: 7/14 levels left

rFire    . . .     SeeInvis .   a - +0 trident
rCold    + . .     Faith    .   (no shield)
rNeg     . . .     Spirit   .   o - +2 leather armour {rC+}
rPois    .         Reflect  .   u - +0 helmet
rElec    .         Harm     .   (no cloak)
rCorr    .         Rampage  .   k - +0 pair of gloves
Will     .....                  (no boots)
Stlth    +.........             (no amulet)
HPRegen  0.21/turn              G - +6 ring of intelligence
MPRegen  0.15/turn              l - +4 ring of slaying

@: no status effects
A: high mp 1, forlorn
a: no special abilities


You were on level 7 of the Dungeon.
You visited 1 branch of the dungeon, and saw 7 of its levels.

You collected 507 gold pieces.

Inventory:

Hand Weapons
 a - a +0 trident (weapon)
 y - a +0 spear
 D - the +6 whip of Sulphur {vorpal, rPois rC+ Int+2}
   (You found it on level 6 of the Dungeon)

   It inflicts extra damage upon your enemies.
   Int:       It affects your intelligence (+2).
   rC:        It protects you from cold.
   rPois:     It protects you from poison.
Missiles
 d - 7 boomerangs of dispersal
 f - 49 bolts
 g - 70 poisoned darts (quivered)
 w - 32 sling bullets
 F - 8 boomerangs
Armour
 k - a +0 pair of gloves (worn)
 o - a +2 leather armour of cold resistance (worn)
 u - a +0 helmet (worn)
Jewellery
 j - a ring of see invisible
 l - a +4 ring of slaying (right hand)
 r - a ring of fire
 B - a ring of protection from cold
 G - a +6 ring of intelligence (left hand)
Wands
 t - a wand of acid (3)
 E - a wand of paralysis (11)
 H - a wand of digging (7)
 J - a wand of charming (12)
Scrolls
 c - a scroll of blinking
 e - 5 scrolls of identify
 m - 2 scrolls of magic mapping {unknown}
 n - a scroll of teleportation {unknown}
 p - a scroll of amnesia {unknown}
 x - 2 scrolls of noise {unknown}
 C - a scroll of enchant weapon {unknown}
 K - a scroll of summoning {unknown}
Potions
 b - 2 potions of degeneration {unknown}
 h - 3 potions of lignification
 q - a potion of flight {unknown}
 s - a potion of heal wounds {unknown}
 v - 3 potions of haste {unknown}
 z - a potion of resistance {unknown}
 A - a potion of might {unknown}
 I - 2 potions of magic {unknown}


   Skills:
 - Level 1.7 Fighting
 + Level 9.9 Polearms
 - Level 0.8 Throwing
 - Level 0.8 Armour
 - Level 1.7 Dodging
 - Level 3.0 Spellcasting
 + Level 5.7 Translocations


You had 7 spell levels left.
You knew the following spells:

 Your Spells              Type           Power      Damage    Failure   Level
a - Beastly Appendage     Tmut           6%         N/A       16%         1
b - Blink                 Tloc           N/A        N/A       2%          2
c - Shock                 Conj/Air       12%        1d3       16%         1
d - Teleport Other        Tloc           27%        N/A       4%          3

Your spell library contained the following spells:

 Spells                   Type           Power      Damage    Failure   Level
 Gell's Gravitas          Tloc           13%        N/A       4%          3
 Lesser Beckoning         Tloc           13%        N/A       4%          3
 Static Discharge         Conj/Air       3%         N/A       24%         2
 Wereblood                Tmut           3%         N/A       24%         2
 Manifold Assault         Tloc           27%        N/A       38%         5
 Spider Form              Tmut/Pois      1%         N/A       43%         3
 Swiftness                Air            3%         N/A       43%         3
 Airstrike                Air            1%         N/A       83%         4
 Ice Form                 Ice/Tmut       3%         N/A       83%         4
 Lightning Bolt           Conj/Air       1%         1d12      99%         5


Dungeon Overview and Level Annotations

Branches:
Dungeon (7/15)             Temple (0/1) D:4

Shops:
D:3 *   D:4 **   D:6 [

Annotations:
D:5 Grinder
D:7 1 runed translucent door, Crazy Yiuf


Innate Abilities, Weirdness & Mutations

Your attributes grow dramatically as you level up.
You have an increased reservoir of magic. (+10% MP)
You shall have no god before yourself.


Message History

Confirm with . or Enter, or press ? or * to list all spells.
You blink.
Throw: 75 darts (poison)
Press: ? - help, Q - select action, (/) - cycle Shift-Dir - straight line, f - orc warrior
Aim: an orc warrior, wielding a +0 short sword and wearing a +0 plate armour (severely wounded, 64% to hit)
You throw a poisoned dart. The poisoned dart hits the orc warrior.
The orc warrior is severely wounded.
Unknown command.
Throw: 74 darts (poison)
Press: ? - help, Q - select action, (/) - cycle Shift-Dir - straight line, f/p - orc warrior
Aim: an orc warrior, wielding a +0 short sword and wearing a +0 plate armour (thin mist, severely wounded, 64% to hit)
You throw a poisoned dart. The poisoned dart hits the orc warrior.
The orc warrior is poisoned.
The orc warrior is severely wounded.
You hear a splash.
Unknown command.
Unknown command.
You start resting.
An orc warrior is nearby!
Throw: 73 darts (poison)
Press: ? - help, Q - select action, (/) - cycle Shift-Dir - straight line, f/p - orc warrior
Aim: an orc warrior, wielding a +0 short sword and wearing a +0 plate armour (severely wounded, 64% to hit)
You throw a poisoned dart.
The poisoned dart closely misses the orc warrior.
Unknown command.
Throw: 72 darts (poison)
Press: ? - help, Q - select action, (/) - cycle Shift-Dir - straight line, f/p - orc warrior
Aim: an orc warrior, wielding a +0 short sword and wearing a +0 plate armour (severely wounded, 64% to hit)
You throw a poisoned dart. The poisoned dart hits the orc warrior.
The orc warrior is poisoned.
The orc warrior is severely wounded.
The orc warrior hits you with a +0 short sword.
* * * LOW HITPOINT WARNING * * *
Throw: 71 darts (poison)
Press: ? - help, Q - select action, (/) - cycle Shift-Dir - straight line, f/p - orc warrior
Aim: an orc warrior, wielding a +0 short sword and wearing a +0 plate armour (severely wounded, poisoned, 64% to hit)
You throw a poisoned dart. The poisoned dart hits the orc warrior.
The orc warrior is severely wounded.
The orc warrior hits you with a +0 short sword!
You die...

## ##### #.
...... #.
#......
#.#............
#....#≈≈≈≈#....#
#..§#≈≈≈≈§§#...#
#..#§≈≈..≈≈≈...#
#.@§≈≈....≈≈...#
#.o≈≈..##.≈≈...#
#.(≈≈#.#)#≈≈...#
#..≈≈.##..≈≈...#
#..≈≈...(≈≈≈#..#
#..≈§≈..≈(§§§§.#
#.(#§≈≈≈≈§#§.§.#
#..§#§≈≈≈.§§§§.#
#.......#...#.##


You could see an orc warrior (poisoned).

Vanquished Creatures
  A wraith (D:6)
  2 steam dragons (D:7)
  Edmund (D:5)
  Duvessa (D:5)
  A water moccasin (D:5)
  An orc warrior (D:6)
  An ice beast (D:6)
  2 ogres
  A necrophage (D:6)
  5 sky beasts
  A centaur (D:7)
  A kobold brigand (D:7)
  A scorpion (D:4)
  Dowan (D:5)
  A centaur zombie (D:5)
  2 jellies
  2 hounds
  A bullfrog skeleton (D:5)
  A centaur skeleton (D:5)
  2 iguanas
  5 orc wizards
  A howler monkey zombie (D:6)
  3 adders
  A shadow imp (D:7)
  2 white imps
  2 ufetubi
  2 dart slugs
  2 worms
  28 orcs
  4 endoplasms
  A giant cockroach (D:2)
  6 goblins
  5 hobgoblins
  11 jackals
  4 quokkas
  4 ball pythons
  3 bats (D:1)
  3 frilled lizards
  A jackal skeleton (D:4)
  13 kobolds
  6 rats
136 creatures vanquished.

Notes
Turn   | Place    | Note
-------+----------+-------------------------------------------
     0 | D:1      | drugrobin the Demigod Warper began the quest for the Orb.
     0 | D:1      | Reached XP level 1. HP: 17/17 MP: 5/5
    75 | D:1      | Reached skill level 2 in Polearms
  1037 | D:1      | Reached XP level 2. HP: 24/24 MP: 7/7
  1055 | D:1      | Learned a level 2 spell: Blink
  1439 | D:2      | Reached skill level 3 in Polearms
  1489 | D:2      | Learned a level 1 spell: Beastly Appendage
  1706 | D:2      | Reached XP level 3. HP: 25/29 MP: 8/8
  2165 | D:2      | Reached skill level 4 in Polearms
  2654 | D:3      | Learned a level 1 spell: Shock
  2666 | D:3      | Found Moschac's Assorted Antiques.
  2740 | D:3      | Reached XP level 4. HP: 31/36 MP: 7/9
  4153 | D:4      | Reached skill level 5 in Polearms
  4153 | D:4      | Reached XP level 5. HP: 24/41 MP: 6/10
  4306 | D:4      | Noticed an ogre
  4800 | D:4      | Killed an ogre
  4801 | D:4      | Reached skill level 6 in Polearms
  4890 | D:4      | Found Ranlir's General Store.
  4893 | D:4      | Found Qycvosk's Specific Store.
  4932 | D:4      | Found a staircase to the Ecumenical Temple.
  5377 | D:5      | Entered Level 5 of the Dungeon
  5390 | D:5      | Reached XP level 6. HP: 42/48 MP: 11/11
  5639 | D:5      | Noticed Edmund
  5689 | D:5      | Killed Edmund
  5690 | D:5      | Reached skill level 7 in Polearms
  5876 | D:5      | Noticed a water moccasin
  5901 | D:5      | Killed a water moccasin
  5902 | D:5      | Reached XP level 7. HP: 32/53 MP: 8/12
  6139 | D:5      | Noticed Duvessa
  6139 | D:5      | Noticed Dowan
  6407 | D:5      | Killed Duvessa
  6642 | D:5      | Killed Dowan
  6643 | D:5      | Reached skill level 8 in Polearms
  7261 | D:5      | Noticed Grinder
  7281 | D:5      | Learned a level 3 spell: Teleport Other
  7464 | D:6      | Identified the +6 whip of Sulphur {vorpal, rPois rC+ Int+2}
  7759 | D:6      | Found Fapioh's Armour Shoppe.
  7847 | D:6      | Reached XP level 8. HP: 24/60 MP: 15/15
  8095 | D:6      | Reached skill level 9 in Polearms
  8990 | D:7      | Found a runed translucent door.
  8991 | D:7      | Noticed Crazy Yiuf
  9127 | D:7      | Reached skill level 5 in Translocations
 10054 | D:7      | Reached XP level 9. HP: 58/67 MP: 16/16
 10090 | D:7      | Slain by an orc warrior

Illustrated notes

Levels and vault maps discovered:
D:1:      dpeg_arrival_more_subterranean_lakeside_camping, layout_loops_ring,
          minmay_misc_feat_room, chequers_garden
D:2:      layout_loops_ring, hellmonk_ecumenical_altar_run_dry
D:3:      layout_loops_ring, nzn_wu_jian_contemplation, serial_shops,
          nicolae_shop_crystal, grunt_decor_mini_mirrors,
          minmay_fractal_squares_gapless_5
D:4:      layout_loops_ring, nicolae_ashenzari_panopticon,
          overflow_temple_1_default, minmay_temple_entry_enclosed_plants,
          chequers_serial_rivers_micro_e, nicolae_specific_store,
          hangedman_minor_gate_pass
D:5:      layout_loops_corners, lightli_temple_of_fire, amcnicky_altar_gilded,
          minmay_misc_feat_diagonals, serial_bayou_pond_d, uniq_duvessa,
          uniq_edmund, uniq_grinder
D:6:      layout_basic, serial_shops, nicolae_shop_crystal
D:7:      layout_rooms, hangedman_misty_isle, uniq_crazy_yiuf_cottage

Skill      XL: |  1  2  3  4  5  6  7  8 |
---------------+-------------------------+-----
Polearms       | 2 3 4 5 6 7 8 9 |  9.9
Spellcasting   | 3 |  3.0
Translocations | 3 5 |  5.7
Fighting       | |  1.7
Throwing       | |  0.8
Armour         | |  0.8
Dodging        | |  1.7

Action                   |  1- 3 |  4- 6 |  7- 9 || total
-------------------------+-------+-------+-------++-------
Melee: Spear             |   151 |   123 |       ||   274
       Headbutt          |     7 |     3 |     8 ||    18
       Kick              |     5 |     7 |    13 ||    25
       Trident           |       |    15 |   213 ||   228
Throw: Dart              |     1 |    26 |    18 ||    45
 Cast: Beastly Appendage |     9 |     8 |     7 ||    24
       Shock             |       |     3 |     4 ||     7
       Blink             |       |     8 |     5 ||    13
Evoke: Wand              |       |       |     4 ||     4
  Use: Potion            |     1 |     1 |     1 ||     3
       Scroll            |       |     1 |       ||     1
 Stab: Sleeping          |       |     2 |     1 ||     3
Armor: Leather armour    |    27 |    38 |    56 ||   121
       Skin              |    11 |       |       ||    11
Dodge: Dodged            |    64 |    59 |   100 ||   223

Table legend: (Time is in decaauts)
 A = Elapsed time spent in this place.
 B = Non-inter-level travel time spent in this place.
 C = Inter-level travel time spent in this place.
 D = Time resting spent in this place.
 E = Time spent auto-exploring this place.
 F = Levels seen in this place.
 G = Mean time per level.
                   A        B        C        D        E       F      G
               +--------+--------+--------+--------+--------+-----+--------+
         Total |  10075 |   9855 |    220 |   2643 |   5639 |   7 | 1439.3 |
       Dungeon |  10075 |   9855 |    220 |   2643 |   5639 |   7 | 1439.3 |
               +--------+--------+--------+--------+--------+-----+--------+

Top non-repeatable levels by time:
     D:5: 1723 daAuts
     D:3: 1630 daAuts
     D:4: 1438 daAuts
     D:7: 1396 daAuts
     D:1: 1390 daAuts
     D:2: 1248 daAuts
     D:6: 1246 daAuts
